 Dungeon Crawl Stone Soup version 0.30.0-17-ge0270778cf (webtiles) character file.

Game seed: 5904723626126782346

27969 McKennaii the Destroyer (level 12, 0/81 HPs)
             Began as a Demigod Conjurer on May 22, 2023.
             Killed from afar by a rime drake (13 damage)
             ... with an icy flash freeze
             ... on level 3 of the Lair of Beasts.
             The game lasted 00:32:29 (19722 turns).

McKennaii the Destroyer (Demigod Conjurer)         Turns: 19722, Time: 00:32:30

Health: 0/81       AC:  7    Str:  8    XL:     12   Next: 72%
Magic:  2/43       EV: 27    Int: 36    God:
Gold:   788        SH:  0    Dex: 12    Spells: 30/37 levels left

rFire   . . .        c - +1 spear (heavy)
rCold   + + .        (no shield)
rNeg    . . .        D - +5 robe of the Vestibule of Hell {rC+ Stlth+}
rPois   .            M - +0 hat {Stlth+}
rElec   .            (no cloak)
rCorr   .            (no gloves)
SInv    .            (no boots)
Will    +....        x - amulet of the acrobat
Stlth   ++++         H - ring of magical power
HPRegen 0.33/turn    u - ring of protection from cold
MPRegen 0.28/turn

%: acrobat
@: about to teleport, acrobatic
A: high MP 1, forlorn, divine attributes
a: no special abilities


You were on level 3 of the Lair of Beasts.
You visited 3 branches of the dungeon, and saw 16 of its levels.
You also visited: Sewer and Ossuary.

You collected 858 gold pieces.
You spent 70 gold pieces at shops.

Inventory:

Hand Weapons
 c - a +1 heavy spear (weapon)
Armour
 C - a scarf of invisibility
 D - the +5 robe of the Vestibule of Hell (worn) {rC+ Stlth+}
   (You found it on level 6 of the Dungeon)

   rC:        It protects you from cold.
   Stlth:     It makes you more stealthy.
 M - a +0 hat of stealth (worn)
 N - a +0 cloak
Magical Staves
 v - a staff of earth
Jewellery
 u - a ring of protection from cold (right hand)
 x - an amulet of the acrobat (around neck)
 G - a ring of flight
 H - a ring of magical power (left hand)
 J - a ring of resist corrosion
 P - a ring of ice
Wands
 l - a wand of quicksilver (6)
 n - a wand of paralysis (7)
 y - a wand of flame (35)
 F - a wand of iceblast (2)
 L - a wand of digging (2)
Scrolls
 a - 4 scrolls of magic mapping
 f - 4 scrolls of enchant armour
 g - 2 scrolls of fear
 o - 3 scrolls of poison
 p - 3 scrolls of enchant weapon
 r - 10 scrolls of teleportation
 s - 2 scrolls of amnesia
 t - 4 scrolls of fog
 A - 3 scrolls of blinking
 E - a scroll of butterflies {unknown}
 K - 2 scrolls of silence
Potions
 b - 4 potions of magic
 d - 3 potions of brilliance
 e - 3 potions of flight
 h - 9 potions of curing
 i - 2 potions of berserk rage {unknown}
 j - 3 potions of mutation {unknown}
 k - 3 potions of attraction {unknown}
 m - 4 potions of heal wounds {unknown}
 q - 2 potions of ambrosia {unknown}
 w - 3 potions of might {unknown}
 z - 4 potions of haste {unknown}
 B - a potion of lignification {unknown}
 I - a potion of invisibility {unknown}
 O - a potion of resistance {unknown}


   Skills:
 - Level 1.7 Dodging
 - Level 1.7 Stealth
 + Level 13.4 Spellcasting
 + Level 14.9 Conjurations


You had 30 spell levels left.
You knew the following spells:

 Your Spells              Type           Power      Damage    Failure   Level
a - Magic Dart            Conj           100%       1d8       0%          1
b - Searing Ray           Conj           100%       2d8       0%          2
c - Iskenderun's Mystic   Conj/Tloc      67%        2d14      1%          4

Your spell library contained the following spells:

 Spells                   Type           Power      Damage    Failure   Level
 Apportation              Tloc           48%        N/A       1%          1
 Freeze                   Ice            96%        1d10      1%          1
 Necrotise                Necr           96%        1d8       1%          1
 Summon Small Mammal      Summ           96%        N/A       1%          1
 Dazzling Flash           Conj/Hex       100%       N/A       1%          3
 Hailstorm                Conj/Ice       67%        3d14      1%          3
 Fulminant Prism          Conj/Hex       33%        3d16      1%          4
 Ensorcelled Hibernation  Hex/Ice        48%        N/A       2%          2
 Passwall                 Tmut/Erth      20%        N/A       2%          2
 Frozen Ramparts          Ice            48%        1d8       4%          3
 Spider Form              Tmut/Pois      24%        N/A       4%          3
 Swiftness                Air            24%        N/A       4%          3
 Anguish                  Hex/Necr       12%        N/A       16%         4


Dungeon Overview and Level Annotations

Branches:
Dungeon (11/15)            Temple (0/1) D:4            Lair (3/5) D:11
    Orc (2/2) D:9             Elf (0/3) Orc:2         Sewer (visited)
Ossuary (visited)
  Swamp: Lair:2-3    Shoals: Lair:2-3     Snake: Lair:2-3    Spider: Lair:2-3

Shops:
D:9 *

Annotations:
D:5 1 runed translucent door, MacCMillion's ghost, novice MiFi
D:9 1 runed translucent door
D:10 3 runed translucent doors, ripuliukko's ghost, journeyman DEEE
Lair:1 3 runed translucent doors, Zusoliwk's ghost, journeyman CeHu
Orc:2 Saint Roka


Innate Abilities, Weirdness & Mutations

You have an increased reservoir of magic. (+10% MP)
You shall have no god before yourself.
Your divine heritage dramatically boosts your attributes as you level up.


Message History

Unknown command.
Things that are here:
a wyvern corpse; a wyvern corpse
Casting: Iskenderun's Mystic Blast (mildly dangerous; 1% risk of failure)
Confirm with . or Enter, or press ? or * to list all spells.
You erupt in a blast of force!
The mystic blast hits the rime drake!!
The rime drake is almost dead.
The rime drake is knocked back by the mystic blast.
The rime drake slams into the rock wall!
You kill the rime drake!
Unknown command.
Casting: Iskenderun's Mystic Blast (mildly dangerous; 1% risk of failure)
Confirm with . or Enter, or press ? or * to list all spells.
You erupt in a blast of force!
The mystic blast hits the rime drake!
The rime drake is heavily wounded.
The rime drake is knocked back by the mystic blast.
The rime drake slams into the rock wall!
The rime drake is severely wounded.
You hear an angry hiss.
The rime drake breathes ice at you. The icy flash freeze hits you!
You partially resist.
* * * LOW HITPOINT WARNING * * *
You are encased in ice.
A basilisk comes into view.
Unknown command.
As you read the scroll of teleportation, it crumbles to dust.
You feel strangely unstable.
The rime drake bites you but does no damage.
Unknown command.
The rime drake attacks as you move away!
The rime drake bites you.
* * * LOW HITPOINT WARNING * * *
The ice encasing you melts away. The rime drake misses you.
The basilisk gazes at you.
You easily resist.
There is a stone staircase leading down here.
The rime drake breathes ice at you. The icy flash freeze hits you!
You partially resist.
You die...

# #####.# ###########..l†#
####..##..#....†#†#
##.............k.# kr
#..............>.# .l.
#P..........#..@.# ..#
#.........#####.># .# .......
#.........## ##..# #........
##........#.##...# #)......
#P...............## ........
#.................### ##.......
##................#.####........
#......................>.......
#................†....÷†.......


You could see a basilisk and a rime drake (catching breath).

Vanquished Creatures
  Gastronok (Lair:2)
  A hydra (Lair:3)
  A catoblepas (Lair:1)
  4 two-headed ogres
  Erica (D:11)
  Urug (Lair:2)
  A skyshark (Lair:3)
  Pikel (D:5)
  A deep elf pyromancer (D:9)
  An oklob plant (Lair:1)
  4 elephants (Lair:2)
  2 black mambas
  3 cane toads
  A torpor snail (Lair:3)
  2 unseen horrors (D:11)
  10 rime drakes
  3 komodo dragons
  A troll (D:9)
  A polar bear (Lair:2)
  A hornet (D:7)
  6 blink frogs
  17 yaks
  8 wyverns
  2 wraiths
  2 steam dragons
  3 vampire mosquitoes (D:10)
  3 basilisks
  An acid dragon (D:11)
  11 water moccasins
  A sky beast (D:6)
  An ice beast (D:7)
  7 orc warriors
  3 black bears
  9 wolves
  5 ogres
  2 lemures (D:5)
  An elf zombie (Ossuary)
  3 centaurs
  4 kobold brigands
  A gnoll sergeant (D:7)
  11 bullfrogs
  2 scorpions
  3 wights (D:9)
  5 killer bees (D:11)
  A howler monkey (D:10)
  4 crimson imps (D:6)
  3 jellies
  8 orc priests
  2 hounds (D:6)
  2 human zombies (Ossuary)
  3 iguanas
  11 orc wizards
  A sleepcap (D:8)
  7 hell rats (Lair:3)
  A hound zombie (Ossuary)
  4 mummies (Ossuary)
  3 gnolls (D:7)
  6 adders
  4 river rats (Sewer)
  A shadow imp (D:7)
  3 white imps (D:7)
  2 ufetubi
  An adder zombie (Ossuary)
  5 worms
  2 dart slugs
  46 orcs
  3 bats
  6 endoplasms
  3 giant cockroaches
  4 goblins
  6 hobgoblins
  7 jackals
  16 kobolds
  2 quokkas
  9 ball pythons
  8 frilled lizards
  2 gnoll zombies (Ossuary)
  2 goblin skeletons (D:7)
  3 goblin zombies
  A hobgoblin zombie (Ossuary)
  2 kobold skeletons (D:7)
  An orc skeleton (D:7)
  5 orc zombies
  11 rats
  2 rat zombies (Ossuary)
365 creatures vanquished.

Notes
Turn   | Place    | Note
-------+----------+-------------------------------------------
     0 | D:1      | McKennaii the Demigod Conjurer began the quest for the Orb.
     0 | D:1      | Reached XP level 1. HP: 14/14 MP: 5/5
   325 | D:1      | Reached XP level 2. HP: 20/20 MP: 5/7
   729 | D:1      | Reached skill level 4 in Conjurations
   857 | D:1      | Learned a level 2 spell: Searing Ray
  1117 | D:2      | Reached XP level 3. HP: 26/26 MP: 4/9
  1120 | D:2      | Identified the +0 scale mail "Plog" {rElec rN+ Dex+3}
  1865 | D:3      | Found a glowing drain.
  1878 | Sewer    | Entered a sewer
  2030 | Sewer    | Reached XP level 4. HP: 33/33 MP: 5/11
  2672 | Sewer    | Noticed a kobold brigand
  2679 | Sewer    | Killed a kobold brigand
  2680 | Sewer    | Reached skill level 5 in Conjurations
  2680 | Sewer    | Reached XP level 5. HP: 33/38 MP: 2/13
  3696 | D:4      | Found a sand-covered staircase.
  3707 | Ossuary  | Entered an ossuary
  3770 | Ossuary  | Reached XP level 6. HP: 33/45 MP: 2/15
  4302 | D:4      | Reached skill level 6 in Conjurations
  4490 | D:4      | Found a staircase to the Ecumenical Temple.
  4514 | D:4      | Learned a level 4 spell: Iskenderun's Mystic Blast
  4777 | D:4      | Reached skill level 5 in Spellcasting
  4777 | D:4      | Reached XP level 7. HP: 40/50 MP: 9/18
  5204 | D:5      | Entered Level 5 of the Dungeon
  5209 | D:5      | Noticed Pikel
  5310 | D:5      | Noticed MacCMillion's ghost (novice MiFi)
  5313 | D:5      | Found a runed translucent door.
  6292 | D:6      | Reached skill level 7 in Conjurations
  6648 | D:6      | Identified the +5 robe of the Vestibule of Hell {rC+
                  | Stlth+}
  6663 | D:6      | Reached XP level 8. HP: 57/57 MP: 12/20
  7533 | D:6      | Reached skill level 8 in Conjurations
  8136 | D:5      | Killed Pikel
  8703 | D:7      | Reached XP level 9. HP: 62/62 MP: 16/24
  8824 | D:7      | Reached skill level 9 in Conjurations
 10572 | D:8      | Reached skill level 10 in Conjurations
 10941 | D:9      | Found Body's Assorted Antiques.
 10949 | D:9      | Bought a scroll labelled FUCOIPS LYCI for 18 gold pieces
 10949 | D:9      | Bought a metallic white potion for 16 gold pieces
 10949 | D:9      | Bought a scroll of identify for 36 gold pieces
 11154 | D:9      | Reached XP level 10. HP: 65/69 MP: 25/27
 11154 | D:9      | Noticed a two-headed ogre
 11175 | D:9      | Killed a two-headed ogre
 11382 | D:9      | Found a runed translucent door.
 11382 | D:9      | Noticed a deep elf pyromancer
 11386 | D:9      | Killed a deep elf pyromancer
 11497 | D:9      | Reached skill level 11 in Conjurations
 11585 | D:9      | Found a staircase to the Orcish Mines.
 12001 | D:9      | Noticed a two-headed ogre
 12011 | D:9      | Killed a two-headed ogre
 12012 | D:9      | Reached skill level 10 in Spellcasting
 12345 | D:9      | Noticed a centaur warrior
 12372 | D:10     | Entered Level 10 of the Dungeon
 12388 | D:10     | Noticed a two-headed ogre
 12404 | D:10     | Killed a two-headed ogre
 13091 | D:10     | Found a runed translucent gate.
 13091 | D:10     | Found a runed translucent gate.
 13094 | D:10     | Found a runed translucent gate.
 13095 | D:10     | Noticed ripuliukko's ghost (journeyman DEEE)
 13526 | D:11     | Noticed a boulder beetle
 13732 | Orc:1    | Entered Level 1 of the Orcish Mines
 13778 | Orc:2    | Entered Level 2 of the Orcish Mines
 13778 | Orc:2    | Found a staircase to the Elven Halls.
 13782 | Orc:2    | Noticed an orc knight
 13784 | Orc:2    | Noticed Saint Roka
 13784 | Orc:2    | Noticed an orc warlord
 13784 | Orc:2    | Noticed an orc knight
 13787 | Orc:2    | Noticed an orc sorcerer
 14175 | D:11     | Reached skill level 12 in Conjurations
 14346 | D:11     | Reached XP level 11. HP: 74/74 MP: 22/30
 14420 | D:11     | Noticed a two-headed ogre
 14429 | D:11     | Killed a two-headed ogre
 14719 | D:11     | Noticed Erica
 14729 | D:11     | Killed Erica
 14792 | D:11     | Noticed a boulder beetle
 14859 | D:11     | Found a staircase to the Lair.
 14924 | Lair:1   | Entered Level 1 of the Lair of Beasts
 15096 | Lair:1   | Found a runed translucent gate.
 15096 | Lair:1   | Found a runed translucent gate.
 15096 | Lair:1   | Found a runed translucent gate.
 15097 | Lair:1   | Noticed Zusoliwk's ghost (journeyman CeHu)
 15516 | Lair:1   | Noticed a catoblepas
 15765 | Lair:1   | Killed a catoblepas
 16006 | Lair:1   | You fall into a shaft and drop 1 floor!
 16013 | Lair:2   | Reached skill level 13 in Conjurations
 16014 | Lair:2   | Noticed Gastronok
 16047 | Lair:2   | Killed Gastronok
 16475 | Lair:2   | Noticed Urug
 16490 | Lair:2   | Killed Urug
 17118 | Lair:2   | Reached XP level 12. HP: 18/81 MP: 8/33
 17121 | Lair:2   | HP: 2/81 [rime drake/icy flash freeze (18)]
 18295 | Lair:3   | Reached skill level 14 in Conjurations
 19009 | Lair:3   | Noticed a four-headed hydra
 19023 | Lair:3   | Killed a four-headed hydra
 19722 | Lair:3   | Killed from afar by a rime drake

Illustrated notes

Levels and vault maps discovered:
D:1:      dpeg_arrival_windows_large_door, layout_rooms
D:2:      layout_rooms, basic_ecumenical_altar
D:3:      layout_loops_ring, nicolae_gozag_seed_capital, minitemple,
          cheibrodos_sewer_entry_bend
D:4:      layout_loops_corners, minmay_temple_entry_sparse_star,
          nicolae_ossuary_entry_monument
D:5:      layout_gridville, hellmonk_ghost_happy_afterlife, uniq_pikel
D:6:      layout_layer_cave, led_xom_imps, chequers_jeans
D:7:      layout_cave_pods, nicolae_tso_besieged_by_evil
D:8:      layout_loops_corners
D:9:      layout_loops_ring, tgw_sif, minmay_orc_entry_temple_small,
          serial_shops, nicolae_shop_advertising_works
          [nicolae_subvault_shop_adworks], minivault_13
D:10:     layout_basic, mainiacjoe_overflow_surrounded_room, special_room
          [special_room_orc], gammafunk_ghost_nasty_kobolds
D:11:     layout_irregular_city, grunt_lair_entry_orc_guard_hut, uniq_erica
Lair:1:   layout_roguey, gammafunk_ghost_necromancy
Lair:2:   layout_cave_pods, serial_bayou_pond_b, serial_bayou_shore_b,
          lemuel_fruit_fields, uniq_gastronok, uniq_urug
Lair:3:   layout_small_grid, minmay_swamp_entry_eels,
          nicolae_snake_entry_warm_welcome, special_room
          [special_room_mythical_zoo]
Orc:1:    layout_caves, uniq_snorg
Orc:2:    grunt_orc_gardens, layout_caves, grunt_orc_garden, grunt_orc_garden,
          grunt_orc_garden, grunt_orc_garden, serial_shops,
          nicolae_shop_tiny_statue_garden, uniq_saint_roka

Skill      XL: |  1  2  3  4  5  6  7  8  9 10 11 12 |
---------------+-------------------------------------+-----
Spellcasting   | 2 3 4 5 6 7 9 10 12 13 | 13.4
Conjurations   | 4 5 6 7 8 10 12 13 14 | 14.9
Dodging        | |  1.7
Stealth        | |  1.7

Action                     |  1- 3 |  4- 6 |  7- 9 | 10-12 || total
---------------------------+-------+-------+-------+-------++-------
  Melee: Unarmed           |    17 |       |       |       ||    17
         Spear             |    16 |    45 |    15 |    22 ||    98
         Punch             |       |       |     1 |       ||     1
   Cast: Magic Dart        |    78 |    53 |   230 |   224 ||   585
         Searing Ray       |     7 |    24 |    48 |    88 ||   167
         Iskenderun's Myst |       |       |     9 |   159 ||   168
  Evoke: Wand              |       |       |       |    12 ||    12
    Use: Scroll            |     7 |     3 |     5 |     3 ||    18
         Potion            |       |     1 |       |       ||     1
   Stab: Sleeping          |     3 |       |       |       ||     3
 Armour: Robe              |    23 |    10 |    21 |    53 ||   107
  Dodge: Dodged            |    44 |    47 |    91 |   202 ||   384
